 Dungeon Crawl Stone Soup version 0.28-a0-674-gdaf460b524 (webtiles) character file.

Game seed: 3163047911499712963

167784 jasper the Warrior (level 17, -5/166 HPs)
             Began as a Demonspawn Artificer on Oct 17, 2021.
             Was the Champion of Ashenzari.
             Shot with an arrow by Vashnia (19 damage)
             ... on level 2 of the Snake Pit.
             The game lasted 01:04:05 (29136 turns).

jasper the Warrior (Demonspawn Artificer)          Turns: 29136, Time: 01:04:06

Health: -5/166     AC: 28    Str: 13    XL:     17   Next: 32%
Magic:  0/17       EV: 19    Int: 14    God:    Ashenzari [******]
Gold:   435        SH:  0    Dex: 19    Spells: 6/16 levels left

rFire   . . .      SeeInvis +   P - +9 great mace "At What Cost Knowledge?" {elec, Cun, Fort} (curse)
rCold   . . .      Faith    .   (shield currently unavailable)
rNeg    + . .      Spirit   +   S - +5 scale mail of Ashenzari's Black Moon {Contam rN+ SInv, Range, Fort} (curse)
rPois   +          Reflect  .   Y - +2 helmet of the Sky {Fort, Range} (curse)
rElec   .          Harm     .   u - +0 cloak "Eternal Together" {Bglg, Melee} (curse)
rCorr   .          Rampage  .   q - +0 pair of gloves of Toth-Mos's Legacy {Alch, Self} (curse)
Will    +....      Clarity  +   (boots unavailable)
Stlth   +.........              T - amulet of Vitality {Regen+ HP+15, Fort, Melee} (curse)
HPRegen 1.37/turn               U - ring "Visionary Inconvenience" {Slay+4, Melee, Fort} (curse)
MPRegen 0.30/turn               D - ring of the Eternal Lethargy {rPois, Evo, Fort} (curse)

@: no status effects
A: hooves 3, slimy green scales 2, magic shield, magic regeneration, demonic
magic 2
a: Renounce Religion, Shatter the Chains


You were on level 2 of the Snake Pit.
You worshipped Ashenzari.
Ashenzari was exalted by your worship.
You visited 5 branches of the dungeon, and saw 28 of its levels.
You visited the Abyss 1 time.
You also visited: Trove, Bailey and Volcano.

You collected 3564 gold pieces.
You spent 3129 gold pieces at shops.

Inventory:

Hand Weapons
 F - a +8 great mace of freezing
 P - the cursed +9 great mace "At What Cost Knowledge?" (weapon) {elec, Cun, Fort}
   (You acquired it on level 9 of the Dungeon)

   It occasionally discharges a powerful burst of electricity upon striking a
   foe.
   It has a curse which improves the following skills: Cunning: Dodging and
   Stealth.
   Fortitude: Armour and Shields.
 V - the +6 great mace "Ajuakh" {antimagic, rC+}
   (You found it on level 1 of the Snake Pit)

   It reduces the magical energy of the wielder, and disrupts the spells and
   magical abilities of those it strikes.
   Natural abilities and divine invocations are not affected.
   rC:        It protects you from cold.
Missiles
 h - 752 stones (quivered)
 k - 137 poisoned darts
 A - 2 throwing nets
Armour
 f - a +2 cloak
 q - the cursed +0 pair of gloves of Toth-Mos's Legacy (worn) {Alch, Self}
   (You found it on level 10 of the Dungeon)

   It has a curse which improves the following skills: Alchemy: Poison Magic and
   Transmutations.
   Introspection: Fighting and Spellcasting.
 u - the cursed +0 cloak "Eternal Together" (worn) {Bglg, Melee}
   (You found it on level 5 of the Dungeon)

   It has a curse which improves the following skills: Beguiling: Conjurations,
   Hexes and Translocations.
   Melee Combat: Short Blades, Long Blades, Axes, Maces & Flails, Polearms,
   Staves and Unarmed Combat.
 y - a +1 pair of gloves
 S - the cursed +5 scale mail of Ashenzari's Black Moon (worn) {Contam rN+ SInv, Range, Fort}
   (You bought it in a shop on level 3 of the Dungeon)

   rN:        It protects you from negative energy.
   SInv:      It lets you see invisible.
   Contam:    It causes magical contamination when unequipped.
   It has a curse which improves the following skills: Ranged Combat: Slings,
   Bows, Crossbows and Throwing.
   Fortitude: Armour and Shields.
 Y - the cursed +2 helmet of the Sky (worn) {Fort, Range}
   (You found it on level 4 of the Lair of Beasts)

   It has a curse which improves the following skills: Fortitude: Armour and
   Shields.
   Ranged Combat: Slings, Bows, Crossbows and Throwing.
Jewellery
 g - the ring of Kuuh {rCorr Str+2 Int-4 Dex+6 Slay+2}
   (You found it in a treasure trove)

   [ring of dexterity]

   Str:       It affects your strength (+2).
   Int:       It affects your intelligence (-4).
   Dex:       It affects your dexterity (+6).
   Slay:      It affects your accuracy & damage with ranged weapons and melee
   (+2).
   rCorr:     It protects you from acid and corrosion.
 D - the cursed ring of the Eternal Lethargy (right hand) {rPois, Evo, Fort}
   (You found it on level 2 of the Lair of Beasts)

   [ring of poison resistance]

   rPois:     It protects you from poison.
   It has a curse which improves the following skills: Evocations: Evocations.
   Fortitude: Armour and Shields.
 O - a ring of resist corrosion
 T - the cursed amulet of Vitality (around neck) {Regen+ HP+15, Fort, Melee}
   (You found it on level 1 of the Lair of Beasts)

   [amulet of regeneration]

   HP:        It affects your health (+15).
   Regen:     It increases your rate of health regeneration.
   It has a curse which improves the following skills: Fortitude: Armour and
   Shields.
   Melee Combat: Short Blades, Long Blades, Axes, Maces & Flails, Polearms,
   Staves and Unarmed Combat.
 U - the cursed ring "Visionary Inconvenience" (left hand) {Slay+4, Melee, Fort}
   (You found it on level 1 of the Lair of Beasts)

   [ring of slaying]

   Slay:      It affects your accuracy & damage with ranged weapons and melee
   (+4).
   It has a curse which improves the following skills: Melee Combat: Short
   Blades, Long Blades, Axes, Maces & Flails, Polearms, Staves and Unarmed
   Combat.
   Fortitude: Armour and Shields.
Wands
 j - a wand of acid (2)
 E - a wand of digging (2)
 K - a wand of charming (14)
 Q - a wand of polymorph (16)
 R - a wand of flame (76)
 Z - a wand of paralysis (20)
Scrolls
 i - 2 scrolls of brand weapon
 m - 7 scrolls of immolation
 o - 5 scrolls of teleportation
 p - a scroll of fog
 s - 5 scrolls of amnesia
 t - 3 scrolls of vulnerability
 v - 3 scrolls of blinking
 w - 3 scrolls of summoning
 C - 2 scrolls of fear
 H - a scroll of magic mapping
 N - 5 scrolls of enchant armour
Potions
 b - a potion of flight
 l - 12 potions of curing
 n - 7 potions of ambrosia
 r - a potion of magic
 x - 2 potions of lignification
 G - 6 potions of mutation
 I - 6 potions of haste
 L - 4 potions of might
 M - 3 potions of cancellation
 W - a potion of invisibility
 X - 3 potions of resistance
Miscellaneous
 a - a phantom mirror (inert)
 c - a piece from Xom's chessboard (15/15)
 d - a phial of floods (inert)
 e - a piece from Xom's chessboard (15/15)
 B - a box of beasts (inert)
 J - a condenser vane (inert)


   Skills:
 - Level 15.9(18.8) Fighting
 + Level 12.0(18.2) Maces & Flails
 - Level 13.5(23.4) Armour
 - Level 13.3(16.3) Dodging
 - Level 0.8(2.4) Stealth
 + Level 1.0(5.7) Shields
 - Level 14.2(17.2) Evocations


You had 6 spell levels left.
You knew the following spells:

 Your Spells              Type           Power      Damage    Failure   Level
a - Silence               Hex/Air        0%         N/A       100%        5
b - Swiftness             Air            0%         N/A       87%         3
c - Wereblood             Tmut           1%         N/A       58%         2

Your spell library contained the following spells:

 Spells                   Type           Power      Damage    Failure   Level
 Shock                    Conj/Air       0%         1d3       50%         1
 Sublimation of Blood     Necr           0%         N/A       65%         2
 Dazzling Flash           Conj/Hex       2%         N/A       83%         3
 Portal Projectile        Hex/Tloc       2%         N/A       83%         3
 Summon Guardian Golem    Hex/Summ       0%         N/A       86%         3
 Airstrike                Air            0%         N/A       99%         4
 Passage of Golubria      Tloc           1%         N/A       99%         4
 Summon Ice Beast         Ice/Summ       0%         N/A       99%         4
 Agony                    Necr           0%         N/A       100%        5
 Blade Hands              Tmut           0%         N/A       100%        5
 Excruciating Wounds      Necr           0%         N/A       100%        5
 Iskenderun's Battlesphe  Conj           1%         2d6       100%        5
 Summon Forest            Summ/Tloc      0%         N/A       100%        5
 Summon Mana Viper        Hex/Summ       0%         N/A       100%        5
 Dispersal                Tloc           0%         N/A       100%        6
 Eringya's Noxious Bog    Tmut/Pois      0%         N/A       100%        6
 Iron Shot                Conj/Erth      0%         9d1       100%        6
 Monstrous Menagerie      Summ           0%         N/A       100%        7
 Orb of Destruction       Conj           0%         N/A       100%        7
 Spellforged Servitor     Conj/Summ      0%         N/A       100%        7
 Summon Hydra             Summ           0%         N/A       100%        7
 Disjunction              Tloc           0%         N/A       100%        8
 Lehudib's Crystal Spear  Conj/Erth      0%         10d2      100%        8


Dungeon Overview and Level Annotations

Branches:
Dungeon (15/15)            Temple (0/1) D:7            Lair (6/6) D:10
 Shoals (0/4) Lair:2        Snake (2/4) Lair:2        Slime (0/5) Lair:6
    Orc (2/2) D:10            Elf (3/3) Orc:2        Vaults (0/5) D:14
 Depths (0/4) D:15         Bailey (visited)         Volcano (visited)

Altars:
Ashenzari
Cheibriados
Dithmenos
Fedhas
Kikubaaqudgha
Makhleb
Okawaru
Uskayaw
Vehumet
Yredelemnul
The Shining One
Beogh
Jiyva

Shops:
D:3 ?*   D:5 (   Orc:2 =[([   Elf:2 [?   Snake:2 =?=(

Annotations:
D:6 1 runed translucent door
Lair:6 1 runed translucent door, exclusion: obsidian statue
Snake:2 Vashnia
Elf:1 Roxanne


Innate Abilities, Weirdness & Mutations

You have hooves in place of feet.
You are mostly covered in slimy green scales. (AC +3)
When hurt, damage is shared between your health and your magic reserves.
You regenerate magic rapidly.
Spells you cast may paralyse nearby enemies.


Message History

Okay, then.
You feel better.
Vashnia drinks a potion.
Vashnia is healed!
You regained 13 hp, and now have 30/166 hp.
Aim the phial where?
Press: ? - help, Shift-Dir - straight line, f/p - Vashnia
Aim: Vashnia, wielding a +0 longbow, wearing a +0 barding of fire resistance and quivering arrows (severely wounded)
The torrent of water hits Vashnia!!
Vashnia is severely wounded.
The wave splashes down.
Vashnia is engulfed in water.
The naga sharpshooter is engulfed in water.
You hear a shout! x4; You hear an angry hiss.
Vashnia spits poison at you. The splash of poison misses you.
Aiming: Throw Flame
Press: ? - help, Shift-Dir - straight line, f/p - Vashnia
Aim: Vashnia, wielding a +0 longbow, wearing a +0 barding of fire resistance and quivering arrows (severely wounded, catching her breath, waterlogged, 58% to hit)
The puff of flame misses Vashnia.
You regained 2 hp, and now have 33/166 hp.
Aiming: Throw Flame
Press: ? - help, Shift-Dir - straight line, f/p - Vashnia
Aim: Vashnia, wielding a +0 longbow, wearing a +0 barding of fire resistance and quivering arrows (steam, severely wounded, catching her breath, waterlogged, 58% to hit)
The puff of flame hits Vashnia.
Vashnia completely resists.
Vashnia is severely wounded.
Aiming: Throw Flame
Press: ? - help, Shift-Dir - straight line, f/p - Vashnia
Aim: Vashnia, wielding a +0 longbow, wearing a +0 barding of fire resistance and quivering arrows (severely wounded, catching her breath, waterlogged, 58% to hit)
The puff of flame hits Vashnia.
Vashnia resists.
Vashnia is severely wounded.
Vashnia shoots an arrow.
The arrow hits you!!
* * * LOW HITPOINT WARNING * * *
You take 22 damage, and have 12/166 hp.
You now have 2/17 mp.
Aiming: Throw Flame
Press: ? - help, Shift-Dir - straight line, f/p - Vashnia
Aim: Vashnia, wielding a +0 longbow, wearing a +0 barding of fire resistance and quivering arrows (steam, severely wounded, catching her breath, waterlogged, 58% to hit)
The puff of flame misses Vashnia.
The puff of flame hits the naga sharpshooter!
The naga sharpshooter is heavily wounded.
A black mamba comes into view.
Vashnia shoots an arrow.
The arrow hits you!!
You die...

,,,,, , * ,###..,*, ,* ** ,,,
, ......##..,,* , ** ∆{.# ,,
........., , ,
...####....#....... .... , ,*
###.#####...#............
###.....###...#....###..(..,,
........#######..).###...#,, ,
,
.........S................,.,,
,
)#.....########.@......###..,
*,
)#.....#####.......≈.≈≈....#
.##. .######.......NN≈≈...## *
* [.#.∆.##...#....)###§§≈.....
* .8#######..##†[†####≈≈§#....
, *
..8........##..[..N....#....,
, ∩.....###.###......######
*,,,,
..8.#####.#.....>..###... ,,,
, ∩.#######.[.#..#...##...., *
,*


You could see Vashnia (catching breath, waterlogged), a naga sharpshooter
(waterlogged) and a black mamba.

Vanquished Creatures
  Jorgrun (D:14)
  A tentacled starspawn (Abyss:3)
  3 nagarajas (Snake:2)
  An orc warlord (Orc:2)
  2 very ugly things (Abyss:3)
  11 slime creatures
  2 deep elf demonologists (Elf:2)
  A stone giant (Volcano)
  5 dire elephants
  A fire dragon (D:13)
  A deep elf high priest (Elf:2)
  A rakshasa (D:15)
  3 vault guards (D:14)
  Erolcha (D:12)
  4 boulder beetles
  4 catoblepae
  4 naga warriors
  3 centaur warriors
  10 hydras
  A death knight (D:10)
  Erica (Lair:2)
  7 two-headed ogres
  4 death yaks
  3 anacondas
  2 dancing weapons (Elf:2)
  7 tengu warriors
  3 hell hogs (Abyss:3)
  2 orc high priests
  A spectral dire elephant (Lair:6)
  A thrashing horror (Abyss:3)
  8 naga sharpshooters
  4 shock serpents
  3 deep elf knights (Elf:2)
  A wretched star (Abyss:3)
  4 skeletal warriors (D:15)
  A spectral anaconda (Lair:6)
  A flayed ghost (D:10)
  A glowing orange brain (Abyss:3)
  3 large abominations (Abyss:3)
  2 deep elf archers
  An obsidian statue (Volcano)
  2 wizards (D:14)
  3 naga ritualists (Snake:2)
  4 harpies (D:13)
  5 necromancers
  2 oklob plants
  4 orc sorcerers
  7 orc knights
  5 deep elf pyromancers
  A deep elf zephyrmancer (Elf:1)
  A wolf spider (Lair:4)
  A lindwurm (shapeshifter) (D:15)
  An ugly thing (D:12)
  3 mana vipers
  The ghost of omnomnOMINOUS the Ducker, a novice OpWn of Fedhas (D:6)
  4 cyclopes
  A worldbinder (Abyss:3)
  Maurice (Orc:2)
  A manticore (D:13)
  3 salamanders
  25 black mambas
  A dire elephant zombie (Lair:6)
  3 guardian serpents
  4 naga magi
  A gargoyle (D:12)
  13 elephants
  A spriggan zombie (Abyss:3)
  2 kobold demonologists
  A dire elephant skeleton (Lair:6)
  21 cane toads
  A rime drake (Lair:3)
  A smoke demon (Abyss:3)
  An efreet (Volcano)
  A rime drake (shapeshifter) (D:14)
  8 komodo dragons
  2 tengu conjurers
  A yaktaur (D:14)
  An ancient zyme (Abyss:3)
  A polar bear (Lair:4)
  A queen bee (Lair:1)
  A queen bee (shapeshifter) (D:11)
  7 trolls
  29 blink frogs
  Prince Ribbit (Lair:2)
  A spectral elephant (Lair:6)
  7 dream sheep (Lair:6)
  2 raiju (Abyss:3)
  A blink frog (shapeshifter) (D:14)
  A flying skull (Abyss:3)
  2 wyverns
  2 water elementals
  18 humans (D:14)
  3 wraiths
  4 basilisks
  23 yaks
  A fire elemental (Volcano)
  A ynoxinul (Abyss:3)
  3 steam dragons
  6 vampire mosquitoes
  3 neqoxecs (Abyss:3)
  2 death yak simulacra (Lair:6)
  2 wargs
  2 spectral cane toads (Lair:6)
  19 nagas
  An acid dragon (D:11)
  15 water moccasins
  38 orc warriors
  2 sky beasts
  A naga skeleton (Abyss:3)
  6 black bears
  4 ogres
  An ice beast (D:5)
  A wolf (Lair:4)
  A centaur (D:9)
  3 elephant skeletons (Lair:6)
  5 kobold brigands
  12 bullfrogs
  3 scorpions
  A cane toad simulacrum (Lair:6)
  2 earth elementals
  A water moccasin zombie (D:5)
  A wyvern skeleton (D:6)
  22 killer bees
  6 howler monkeys
  8 wights
  A vampire bat (D:4)
  4 small abominations (Abyss:3)
  2 electric eels (Lair:4)
  2 lava snakes (Volcano)
  2 centaur zombies
  2 centaur skeletons
  18 orc priests
  2 hounds (D:5)
  4 iguanas
  26 orc wizards
  3 killer bee zombies
  2 human simulacra (D:9)
  A hound skeleton (D:4)
  2 howler monkey zombies (D:10)
  3 gnolls (D:2)
  2 howler monkey skeletons
  A river rat (D:6)
  6 adders
  2 white imps
  An ufetubus (D:4)
  A worm (D:2)
  3 dart slugs
  10 fire bats
  112 orcs
  2 spectral bats (D:4)
  11 bats
  3 bat skeletons (D:4)
  A bat zombie (D:4)
  3 endoplasms
  5 giant cockroaches
  14 goblins
  9 hobgoblins
  29 kobolds
  3 quokkas
  12 ball pythons
  A bat simulacrum (D:4)
  3 frilled lizards
  3 rats
846 creatures vanquished.

Vanquished Creatures (collateral kills)
  A naga sharpshooter (Snake:2)
  An orc knight (Bailey)
  A hound zombie (D:5)
  7 orcs (Bailey)
  A hobgoblin (D:4)
11 creatures vanquished.

Vanquished Creatures (others)
  A wizard (D:14)
  An orc knight (Bailey)
  An orc warrior (Bailey)
  5 orcs (Bailey)
  23 fungi
  A lurking horror (Abyss:3)
  32 plants
  2 starspawn tentacles (Abyss:3)
  16 withered plants (Lair:6)
82 creatures vanquished.

Grand Total: 939 creatures vanquished

Notes
Turn   | Place    | Note
-------+----------+-------------------------------------------
     0 | D:1      | jasper the Demonspawn Artificer began the quest for the
                  | Orb.
     0 | D:1      | Reached XP level 1. HP: 15/15 MP: 1/1
    37 | D:1      | Reached skill level 1 in Dodging
   488 | D:1      | Gained mutation: You have large cloven feet. [demonic
                  | ancestry]
   488 | D:1      | Reached XP level 2. HP: 21/21 MP: 2/2
   853 | D:1      | Reached XP level 3. HP: 27/27 MP: 3/3
  1630 | D:2      | Reached skill level 2 in Fighting
  2151 | D:2      | Found a blossoming altar of Fedhas.
  2427 | D:2      | Reached XP level 4. HP: 29/34 MP: 4/4
  2720 | D:3      | Found Ryeret's Magic Scroll Boutique.
  2727 | D:3      | Bought a scroll of teleportation for 33 gold pieces
  2863 | D:3      | Found Guedi's General Store.
  3075 | D:3      | Found a faded altar of an unknown god.
  3302 | D:4      | Noticed an ogre
  3306 | D:4      | Killed an ogre
  3307 | D:4      | Reached skill level 3 in Fighting
  3307 | D:4      | Gained mutation: You regenerate magic rapidly. [demonic
                  | ancestry]
  3307 | D:4      | Reached XP level 5. HP: 41/41 MP: 5/5
  3481 | D:4      | Gained mutation: Spells you cast may paralyse adjacent
                  | enemies. [demonic ancestry]
  3481 | D:4      | Reached XP level 6. HP: 28/47 MP: 6/6
  4148 | D:5      | Entered Level 5 of the Dungeon
  4174 | D:5      | Found a broken altar of Ashenzari.
  4175 | D:5      | Noticed an ice beast
  4202 | D:5      | Killed an ice beast
  4203 | D:5      | Reached skill level 4 in Fighting
  4314 | D:5      | Became a worshipper of Ashenzari the Shackled
  4338 | D:5      | Gained mutation: You are partially covered in slimy green
                  | scales. (AC +2) [demonic ancestry]
  4338 | D:5      | Reached XP level 7. HP: 38/55 MP: 7/7
  4755 | D:5      | Identified the +3 robe of Dazipsa {Dex+2}
  4913 | D:5      | Found Dunoap's Antique Weapon Emporium.
  4924 | D:5      | Reached skill level 5 in Fighting
  5089 | D:5      | Reached skill level 5 in Armour
  5158 | D:5      | Found an iron altar of Okawaru.
  5201 | D:5      | Noticed a wraith
  5209 | D:5      | Killed a wraith
  5210 | D:5      | Gained mutation: When hurt, damage is shared between your
                  | health and your magic reserves. [demonic ancestry]
  5210 | D:5      | Reached XP level 8. HP: 62/62 MP: 8/8
  5449 | D:6      | Found a runed translucent door.
  5453 | D:6      | Noticed omnomnOMINOUS's ghost (novice OpWn)
  5620 | D:6      | Reached * piety under Ashenzari
  5855 | D:6      | Found a runed translucent door.
  6131 | D:6      | Reached skill level 5 in Maces & Flails
  6132 | D:6      | Reached ** piety under Ashenzari
  6838 | D:7      | Found a burning altar of Makhleb.
  7001 | D:7      | Found a snail-covered altar of Cheibriados.
  7052 | D:7      | Gained mutation: Spells you cast may paralyse nearby
                  | enemies. [demonic ancestry]
  7052 | D:7      | Reached XP level 9. HP: 34/64 MP: 9/9
  7290 | D:7      | Found a staircase to the Ecumenical Temple.
  7845 | D:8      | Reached *** piety under Ashenzari
  7881 | D:8      | Learned a level 5 spell: Silence
  7913 | D:8      | Noticed a two-headed ogre
  7930 | D:8      | Killed a two-headed ogre
  7931 | D:8      | Reached skill level 5 in Dodging
  7933 | D:8      | Noticed a two-headed ogre
  7938 | D:8      | Killed a two-headed ogre
  7939 | D:8      | Reached skill level 6 in Fighting
  8231 | D:8      | Reached **** piety under Ashenzari
  8280 | D:8      | Noticed a boulder beetle
  8318 | D:8      | Killed a boulder beetle
  8319 | D:8      | Reached XP level 10. HP: 77/77 MP: 10/10
  8516 | D:9      | Found a flagged portal.
  8545 | Bailey   | Entered a bailey
  8587 | Bailey   | Reached skill level 5 in Evocations
  8870 | Bailey   | Noticed an orc knight
  8913 | Bailey   | Killed an orc knight
  8914 | Bailey   | Reached skill level 7 in Fighting
  9156 | Bailey   | Noticed an orc knight
  9156 | Bailey   | Noticed an orc knight
  9162 | Bailey   | Killed an orc knight
  9165 | Bailey   | Noticed an orc knight
  9176 | Bailey   | Killed an orc knight
  9845 | D:9      | Identified a scroll of acquirement
  9875 | D:9      | Acquired a +2 great mace of draining
 10159 | D:9      | Gained mutation: You have hoof-like feet. [demonic
                  | ancestry]
 10159 | D:9      | Reached XP level 11. HP: 85/85 MP: 11/11
 10278 | D:10     | Entered Level 10 of the Dungeon
 10283 | D:10     | Noticed a death yak
 10283 | D:10     | Noticed a death yak
 10303 | D:9      | Killed a death yak
 10319 | D:9      | Killed a death yak
 10473 | D:10     | Noticed a death yak
 10726 | D:9      | Killed a death yak
 10877 | D:10     | Found a staircase to the Lair.
 10942 | D:10     | Found a staircase to the Orcish Mines.
 11042 | D:10     | Noticed a death knight
 11141 | D:10     | Found a transporter.
 11141 | D:10     | Found an ancient bone altar of Kikubaaqudgha.
 11143 | D:10     | Noticed a flayed ghost
 11164 | D:10     | Found a basalt altar of Yredelemnul.
 11212 | D:10     | Found a transporter.
 11250 | D:10     | Reached skill level 10 in Maces & Flails
 11861 | D:11     | Noticed a four-headed hydra
 11862 | D:11     | Reached ***** piety under Ashenzari
 11871 | D:11     | Killed a four-headed hydra
 11916 | D:11     | Noticed an eight-headed hydra
 11918 | D:11     | Noticed a centaur warrior
 11930 | D:11     | Killed an eight-headed hydra
 11933 | D:11     | Killed a centaur warrior
 12100 | D:11     | Noticed a five-headed hydra
 12110 | D:11     | Killed a five-headed hydra
 12118 | D:11     | Noticed a two-headed ogre
 12132 | D:11     | Killed a two-headed ogre
 12493 | D:11     | Noticed a purple ugly thing
 12669 | D:3      | Bought 2 potions of curing for 60 gold pieces
 12669 | D:3      | Bought the +5 scale mail "Gohopp" {Contam rN+ SInv} for 388
                  | gold pieces
 13178 | D:6      | Killed omnomnOMINOUS's ghost
 13179 | D:6      | Reached XP level 12. HP: 91/97 MP: 12/12
 13289 | Lair:1   | Entered Level 1 of the Lair of Beasts
 13314 | Lair:1   | Reached skill level 8 in Fighting
 13435 | Lair:1   | Found the amulet of Vitality {Regen+ HP+15}
 14276 | Lair:2   | Found a staircase to the Shoals.
 14282 | Lair:2   | Noticed Erica
 14296 | Lair:2   | Killed Erica
 14334 | Lair:2   | Noticed Prince Ribbit
 14360 | Lair:2   | Killed Prince Ribbit
 14396 | Lair:2   | Found a dark tunnel.
 14430 | Volcano  | Entered a volcano
 14514 | Volcano  | Reached skill level 9 in Fighting
 14623 | Volcano  | Noticed a stone giant
 14627 | Volcano  | Reached skill level 11 in Fighting
 14627 | Volcano  | Reached XP level 13. HP: 63/112 MP: 6/13
 14634 | Volcano  | Killed a stone giant
 14635 | Volcano  | Found a bloodstained altar of Trog.
 14729 | Lair:2   | Identified the +9 hunting sling "Diprek" {freeze, Fly Will+
                  | Dex+3}
 14996 | Lair:2   | Found a staircase to the Snake Pit.
 15382 | Lair:3   | Reached XP level 14. HP: 120/120 MP: 14/14
 16327 | Lair:4   | Reached skill level 12 in Fighting
 17334 | Lair:5   | Reached skill level 10 in Evocations
 17791 | Lair:6   | Entered Level 6 of the Lair of Beasts
 17932 | Lair:6   | Reached skill level 10 in Armour
 18100 | Lair:6   | Reached skill level 10 in Dodging
 18235 | Lair:6   | Learned a level 3 spell: Swiftness
 18321 | Lair:6   | Reached skill level 13 in Fighting
 18701 | Lair:6   | Gained mutation: You are mostly covered in slimy green
                  | scales. (AC +3) [demonic ancestry]
 18701 | Lair:6   | Reached XP level 15. HP: 130/130 MP: 13/15
 18746 | Lair:6   | Found a staircase to the Slime Pits.
 18747 | Lair:6   | Noticed an acid blob
 18752 | Lair:6   | Found a viscous altar of Jiyva.
 18752 | Lair:6   | Noticed an acid blob
 18753 | Lair:6   | Found a runed translucent door.
 19391 | Orc:1    | Entered Level 1 of the Orcish Mines
 19871 | Orc:2    | Entered Level 2 of the Orcish Mines
 20006 | Orc:2    | Noticed Maurice
 20016 | Orc:2    | Killed Maurice
 20235 | Orc:2    | Noticed an orc warlord
 20254 | Orc:2    | Killed an orc warlord
 20289 | Orc:2    | Found Xegitzet's Antique Armour Emporium.
 20291 | Orc:2    | Found Uklihu's Antique Weapon Shoppe.
 20300 | Orc:2    | Bought a runed cloak for 142 gold pieces
 20327 | Orc:2    | Found a staircase to the Elven Halls.
 20460 | Orc:2    | Found Doemn's Antique Armour Boutique.
 20849 | Orc:2    | Found Xeazanue's Jewellery Boutique.
 21655 | D:12     | Noticed Erolcha
 21664 | D:12     | Killed Erolcha
 21674 | D:12     | Found a hide-covered altar of Uskayaw.
 22366 | D:12     | Identified the +1 ring mail of the Goldsmith {Harm rElec
                  | rN+ Str+4}
 22647 | D:13     | Identified the +1 robe of the Vestibule of Hell {rPois rF-
                  | Regen+}
 22736 | D:13     | Reached skill level 14 in Fighting
 22820 | D:13     | Identified the +6 dagger "Umeeps" {pain, rElec rPois Int+4
                  | Dex-5}
 23418 | D:14     | Noticed Jorgrun
 23468 | D:14     | Killed Jorgrun
 23557 | D:14     | Found a shadowy altar of Dithmenos.
 23715 | D:14     | Reached ****** piety under Ashenzari
 23715 | D:14     | Gained mutation: You have hooves in place of feet. [demonic
                  | ancestry]
 23715 | D:14     | Reached XP level 16. HP: 141/141 MP: 16/16
 23744 | D:14     | Found a gate to the Vaults.
 24000 | D:15     | Entered Level 15 of the Dungeon
 24099 | D:15     | Found a staircase to the Depths.
 24580 | D:15     | Found a portal to a secret trove of treasure.
 24901 | D:5      | Bought the +6 shillelagh "Devastator" {shatter} for 1440
                  | gold pieces
 24901 | D:5      | Found the +6 shillelagh "Devastator" {shatter}
 25226 | D:15     | You paid a toll of the shillelagh "Devastator" to enter a
                  | treasure trove
 25227 | Trove    | Entered a treasure trove
 25230 | Trove    | Identified the ring of Kuuh {rCorr Str+2 Int-4 Dex+6
                  | Slay+2}
 25231 | Trove    | Identified the +3 falchion of Qymuor {speed, rElec rF-
                  | rCorr Str+2}
 25231 | Trove    | Identified the ring of Painoer {EV+4 Str+6}
 25789 | Elf:1    | Entered Level 1 of the Elven Halls
 25804 | Elf:1    | Identified Roxanne's Collected Works on Moulding
 25804 | Elf:1    | Noticed Roxanne
 25997 | Elf:2    | Found Doejy's Magic Scroll Emporium.
 26001 | Elf:2    | Noticed a Tzitzimitl
 26003 | Elf:2    | Noticed a Hell Sentinel
 26005 | Elf:2    | Cast into level 3 of the Abyss (a deep elf demonologist)
 26005 | Abyss:3  | Found a corrupted altar of Lugonu.
 26055 | Abyss:3  | Found a runed translucent door.
 26057 | Abyss:3  | Identified the +5 hand crossbow of War {vorpal, Int+2 Dex+4
                  | SInv}
 26135 | Abyss:3  | Found a corrupted altar of Lugonu.
 26164 | Abyss:3  | Reached skill level 15 in Fighting
 26386 | Abyss:3  | Noticed a tentacled starspawn
 26402 | Abyss:3  | Noticed a bone dragon
 26420 | Abyss:3  | Killed a tentacled starspawn
 26439 | Abyss:3  | Noticed a tentacled starspawn
 26460 | Elf:2    | Escaped the Abyss
 26462 | Elf:2    | Noticed a Brimstone Fiend
 26584 | Elf:2    | Bought a scroll of enchant armour for 127 gold pieces
 26584 | Elf:2    | Bought a scroll of enchant armour for 127 gold pieces
 26584 | Elf:2    | Found Fuziwn's Antique Armour Shoppe.
 26590 | Elf:2    | Bought a masterwork plate armour for 812 gold pieces
 26590 | Elf:2    | Identified the +2 plate armour of the Snake Pit {rPois
                  | Int+3} (You bought it in a shop on level 2 of the Elven
                  | Halls)
 26636 | Elf:3    | Entered Level 3 of the Elven Halls
 26649 | Elf:3    | Found Ihelas's Weapon Boutique.
 26656 | Elf:3    | Found a radiant altar of Vehumet.
 26868 | Snake:1  | Entered Level 1 of the Snake Pit
 27400 | Snake:1  | Identified the +6 great mace "Ajuakh" {antimagic, rC+}
 27740 | Snake:1  | Learned a level 2 spell: Wereblood
 28132 | Snake:1  | Reached XP level 17. HP: 105/149 MP: 2/17
 28193 | Snake:2  | Found Lonufev's Jewellery Shop.
 28231 | Snake:2  | Found Ciklos's Antique Weapon Shoppe.
 28233 | Snake:2  | Found Zubuhieh's Jewellery Emporium.
 28235 | Snake:2  | Found Ihuigics's Magic Scroll Shoppe.
 29062 | Snake:2  | Noticed Vashnia
 29130 | Snake:2  | Reached skill level 1 in Shields
 29136 | Snake:2  | Shot with an arrow by Vashnia

Illustrated notes

Levels and vault maps discovered:
D:1:      wander_arrival_chamber, layout_basic
D:2:      layout_rooms, basic_altar
D:3:      layout_rooms, shapermc_ecumenical_altar_mp_ritualfount, serial_shops,
          shop, nicolae_diamond_shop, amcnicky_mini_rare_corridor_liquid
D:4:      layout_rooms, nicolae_tso_carved_into_rock, goddamned_bats
D:5:      layout_cave_pods, ashenzari_conservatory_becter,
          mainiacjoe_overflow_cross_hatched, serial_shops, nicolae_shop_crystal,
          serial_bayou_pond_e, hellmonk_bongcloud_opening, minmay_checkerbox
D:6:      layout_basic, ebering_ghost_sewer_f, chequers_mini_garden,
          hex_intersection
D:7:      layout_cave_pools, mainiacjoe_overflow_alcove_2,
          mainiacjoe_overflow_small_starburst,
          minmay_temple_entry_statues_pillars
D:8:      layout_cave_pools, kennysheep_doodads
D:9:      layout_roguey, enter_bailey_5, bh_circular_ruins
D:10:     cheibrodos_steamvent, layout_basic, gammafunk_temple_of_torment,
          dpeg_lair_monsters, serial_corexii_hall, corexii_hall_statues_u,
          chequers_hall_statues_corner_a, chequers_serial_rivers_micro_a
D:11:     minmay_diamond_stairs, layout_irregular_city
D:12:     layout_basic, nicolae_uskayaw_en_pointe, uniq_erolcha
D:13:     layout_cave_pools, grunt_ministairs_3, minivault_20, hangedman_aviary
D:14:     layout_rooms, grunt_vaults_entry_tiered, grunt_dithmenos_smoke,
          uniq_jorgrun
D:15:     hangedman_depths_entry_try_elsewhere_first, layout_long_grid,
          chequers_avenue, enter_trove_0, grunt_decor_cap
Lair:1:   layout_cave_pods, special_room [special_room_bee],
          beast_lair_carwin_11, infiniplex_staircase_pool
Lair:2:   layout_regular_city, elwin_shoals_entry_rocks, dummy_snake_entry,
          enter_volcano_1, uniq_prince_ribbit2, uniq_erica
Lair:3:   layout_concentric_octagons
Lair:4:   nzn_winding_woodlands_cross [nzn_winding_woodlands_5x15_eye,
          nzn_winding_woodlands_5x15_zeroes,
          nzn_winding_woodlands_5x15_sawtooth,
          nzn_winding_woodlands_5x15_split_checker,
          nzn_winding_woodlands_15x15_eel_pit], layout_regular_city
Lair:5:   layout_small_grid
Lair:6:   due_jungle_book, layout_cave_pods, slime_altar_2, ldierk_geyser,
          st_stairs_7, nicolae_lair_grove_arrangements
Snake:1:  layout_rooms
Snake:2:  layout_misc_corridors, serial_shops, shop_statue, minmay_shop_star,
          uniq_vashnia, uniq_aizul
Orc:1:    layout_diamond_mine, special_room [special_room_orc],
          nicolae_orc_crystal_geode
Orc:2:    grunt_orc_community_town_hall, layout_diamond_mine,
          grunt_orc_community_big_house_1, grunt_orc_community_big_house_2,
          grunt_orc_community_house_3, grunt_orc_community_house_2,
          grunt_orc_community_house_3, grunt_orc_community_house_3,
          mines3_lemuel, uniq_maurice
Elf:1:    layout_loops_corners, serial_shops, shop_fountains,
          minmay_elf_crystal_hexagon, uniq_kirke, uniq_roxanne
Elf:2:    nicolae_elf_blades_splatter_lattice
          [nicolae_blade_entry_floor_patterns], layout_loops_ring,
          minmay_shoptagon, uniq_saint_roka
Elf:3:    grunt_elf_hall_asides, layout_geoelf_diagonals, serial_shops, shop,
          basic_altar

Skill      XL: |  1  2  3  4  5  6  7  8  9 10 11 12 13 14 15 16 17 |
---------------+----------------------------------------------------+-----
Dodging        | 1 2 3 4 5 6 7 8 10 11 13 | 13.3
Armour         | 2 3 4 5 6 7 8 10 11 13 | 13.5
Fighting       | 2 3 4 5 6 7 11 13 14 15 | 15.9
Maces & Flails | 2 6 7 8 11 12 | 12.0
Evocations     | 4 6 7 8 9 11 12 13 14 | 14.2
Shields        | 1 |  1.0
Stealth        | |  0.8

Action                   |  1- 3 |  4- 6 |  7- 9 | 10-12 | 13-15 | 16-18 || total
-------------------------+-------+-------+-------+-------+-------+-------++-------
Melee: Club              |    17 |       |       |       |       |       ||    17
       Whip              |    99 |   182 |    23 |       |       |       ||   304
       Kick              |    27 |    43 |   113 |   144 |   287 |   198 ||   812
       Flail             |       |       |   361 |   176 |       |       ||   537
       Great mace        |       |       |       |   357 |   911 |   582 ||  1850
Throw: Stone             |    16 |    17 |     7 |     1 |     3 |       ||    44
Invok: Curse Item        |       |       |     6 |     3 |     3 |     1 ||    13
       Shatter the Chain |       |       |       |     4 |       |     1 ||     5
Evoke: Wand              |     9 |     8 |    14 |    28 |    13 |     9 ||    81
       Piece from Xom's  |       |     3 |       |     2 |       |       ||     5
       Condenser vane    |       |       |       |       |       |     3 ||     3
       Box of beasts     |       |       |       |       |       |     1 ||     1
       Phial of floods   |       |       |       |       |       |     1 ||     1
       Phantom mirror    |       |       |       |       |       |     1 ||     1
  Use: Scroll            |     5 |     4 |       |     9 |       |     8 ||    26
       Potion            |       |     2 |     3 |     3 |     4 |     3 ||    15
 Stab: Distracted        |       |     1 |       |       |       |       ||     1
       Paralysed         |       |       |    24 |    10 |     5 |       ||    39
       Betrayed ally     |       |       |       |     1 |       |       ||     1
Armor: Leather armour    |    24 |       |       |       |       |       ||    24
       Ring mail         |     7 |   155 |   174 |   129 |       |       ||   465
       Scale mail        |       |       |       |    89 |   422 |   245 ||   756
Dodge: Dodged            |    56 |   192 |   245 |   461 |   693 |   469 ||  2116
Block: Other             |       |       |    62 |   118 |       |       ||   180
       Reflection        |       |       |     2 |     1 |       |       ||     3

Table legend: (Time is in decaauts)
 A = Elapsed time spent in this place.
 B = Non-inter-level travel time spent in this place.
 C = Inter-level travel time spent in this place.
 D = Time resting spent in this place.
 E = Time spent auto-exploring this place.
 F = Levels seen in this place.
 G = Mean time per level.
                   A        B        C        D        E       F      G
               +--------+--------+--------+--------+--------+-----+--------+
         Total |  29012 |  26388 |   2624 |   4063 |  14568 |  32 |  906.6 |
       Dungeon |  17055 |  15359 |   1696 |   2471 |   9068 |  15 | 1137.0 |
          Lair |   6179 |   5791 |    388 |    354 |   3877 |   6 | 1029.8 |
     Snake Pit |   1681 |   1580 |    101 |    501 |    442 |   2 |  840.5 |
  Orcish Mines |   2193 |   1828 |    365 |    138 |   1045 |   2 | 1096.5 |
   Elven Halls |    513 |    440 |     73 |    204 |     19 |   3 |  171.0 |
         Abyss |    426 |    426 |      0 |     83 |      0 |   1 |  426.0 |
         Trove |     39 |     39 |      0 |      0 |      1 |   1 |   39.0 |
        Bailey |    688 |    688 |      0 |    282 |     52 |   1 |  688.0 |
       Volcano |    233 |    233 |      0 |     29 |     64 |   1 |  233.0 |
               +--------+--------+--------+--------+--------+-----+--------+

Top non-repeatable levels by time:
     D:1: 1902 daAuts
     D:9: 1790 daAuts
     D:5: 1416 daAuts
  Lair:6: 1414 daAuts
     D:6: 1408 daAuts
    D:10: 1367 daAuts
     D:4: 1343 daAuts
   Orc:2: 1330 daAuts
    D:12: 1256 daAuts
  Lair:2: 1105 daAuts
 Snake:1: 1083 daAuts
  Lair:1: 1031 daAuts
    D:15: 1021 daAuts
  Lair:4: 995 daAuts
     D:7: 985 daAuts
